 Dungeon Crawl Stone Soup version 0.23.0-3-gf3c87f2df8 (webtiles) character file.

Game seed: 3947929053588065960

113 Jukra the Ruffian (level 4, -2/44 HPs)
             Began as a Troll Berserker on Feb 24, 2019.
             Was a Believer of Trog.
             Slain by a goblin
             ... wielding a +0 dagger
             ... led by Robin
              (3 damage)
             ... on level 2 of the Dungeon.
             The game lasted 00:05:54 (1289 turns).

Jukra the Ruffian (Troll Berserker)                 Turns: 1289, Time: 00:05:54

Health: -2/44      AC:  6    Str: 26    XL:     4   Next: 65%
Magic:  3/3        EV: 12    Int:  3    God:    Trog [**....]
Gold:   47         SH: 13    Dex:  9    Spells: 3/3 levels left

rFire    . . .     SeeInvis .     - Unarmed
rCold    . . .     Gourm    +   g - +0 large shield
rNeg     . . .     Faith    .   a - +0 animal skin
rPois    .         Spirit   .   (helmet restricted)
rElec    .         Reflect  .   (no cloak)
rCorr    .         Harm     .   (gloves unavailable)
MR       .....                  (boots unavailable)
Stlth    +.........             (no amulet)
HPRegen  0.54/turn              e - +6 ring of evasion
MPRegen  0.08/turn              h - ring of flight

@: no status effects
A: large, unfitting armour, claws 3, fast metabolism 3, gourmand, regeneration
1, shaggy fur 1, tough skin 3
a: Berserk, Trog's Hand, Renounce Religion, Evoke Flight


You were on level 2 of the Dungeon.
You worshipped Trog.
Trog was pleased with you.
You were not hungry.

You visited 1 branch of the dungeon, and saw 3 of its levels.

You collected 47 gold pieces.

Inventory:

Hand Weapons
 l - a +0 war axe
Armour
 a - a +0 animal skin (worn)
 g - a +0 large shield (worn)
Jewellery
 e - a +6 ring of evasion (left claw)
 h - a ring of flight (right claw)
Scrolls
 c - 2 scrolls of teleportation {unknown}
 d - a scroll of enchant weapon {unknown}
 f - a scroll of noise {unknown}
 j - 2 scrolls of identify {unknown}
 m - a scroll of remove curse {unknown}
Potions
 i - a potion of ambrosia {unknown}
 k - a potion of flight {unknown}
Comestibles
 b - 5 rations


   Skills:
 + Level 2.7 Fighting
 + Level 3.0 Dodging
 + Level 0.5 Stealth
 + Level 1.1 Shields
 + Level 4.2 Unarmed Combat


You had 3 spell levels left.
You didn't know any spells.
Your spell library contained the following spells:

 Spells                   Type           Power        Failure   Level  Hunger
 Infusion                 Chrm           #...         100%        1    ##.....


Dungeon Overview and Level Annotations

Branches:
Dungeon (3/15)

Altars:
Ashenzari
Gozag
Hepliaklqana
Kikubaaqudgha
Sif Muna
Vehumet
Zin

Annotations:
D:2 Robin


Innate Abilities, Weirdness & Mutations

You are too large for most types of armour.
You have claws for hands.
Your metabolism is lightning-fast.
You like to eat raw meat.
Your natural rate of healing is unusually fast.
You are covered in fur. (AC +1)
You have extremely tough skin. (AC +3)


Message History

You kill the giant cockroach!
Trog accepts your kill.
The hobgoblin hits you but does no damage.
The goblin hits you with a +0 club.
* * * LOW HITPOINT WARNING * * *
The hobgoblin barely misses you. The bat hits you but does no damage.
The hobgoblin hits you but does no damage.
The goblin hits you with a +0 dagger.
* * * LOW HITPOINT WARNING * * *
You block the goblin's attack. x2
You scratch the bat.
You kill the bat!
Trog accepts your kill. You block the hobgoblin's attack.
You block the goblin's attack. You block the hobgoblin's attack.
You block the goblin's attack. The hobgoblin barely misses you.
Robin hits you from afar with a +0 spear.
* * * LOW HITPOINT WARNING * * *
The goblin hits you with a +0 dagger.
You die...

#..#....#gg........
#.###.......gg.........
#.#......#####.........
.#.#.#......####........
.#.. ##...#.#......#....
....###g#.....>.......#.
..?..#..###..s..........
#.#.g.## #..g.†gg......
#....## #....g@gg..#.#
##...## #....ggg......
.##g...# #.[.!.g.....(#
....g#.#####............
.###g..g.......^....(...
##g#####.g.........##
#..####........[..#
##ggb##............
#.#####.##...........


You could see Robin, a giant cockroach, 3 hobgoblins and 7 goblins.

Vanquished Creatures
  Jessica (D:2)
  2 adders (D:3)
  An ooze (D:1)
  2 worms (D:3)
  A leopard gecko (D:1)
  6 orcs (D:3)
  6 bats
  3 giant cockroaches
  7 goblins
  5 hobgoblins
  2 jackals (D:1)
  7 kobolds
  A ball python (D:1)
  2 frilled lizards (D:3)
  5 rats
51 creatures vanquished.

Notes
Turn   | Place    | Note
-------+----------+-------------------------------------------
     0 | D:1      | Jukra the Troll Berserker began the quest for the Orb.
     0 | D:1      | Reached XP level 1. HP: 22/22 MP: 0/0
   167 | D:1      | Reached XP level 2. HP: 29/29 MP: 1/1
   508 | D:1      | You fall through a shaft!
   509 | D:2      | Noticed Robin
   531 | D:2      | Noticed Jessica
   549 | D:3      | Reached XP level 3. HP: 36/36 MP: 2/2
   633 | D:3      | Reached ** piety under Trog
   934 | D:3      | Reached XP level 4. HP: 44/44 MP: 3/3
   941 | D:3      | Reached skill level 4 in Unarmed Combat
  1118 | D:3      | Found a hazy altar of Hepliaklqana.
  1126 | D:3      | Found an opulent altar of Gozag.
  1126 | D:3      | Found a glowing silver altar of Zin.
  1127 | D:3      | Found a shattered altar of Ashenzari.
  1225 | D:3      | Found a radiant altar of Vehumet.
  1232 | D:3      | Found an ancient bone altar of Kikubaaqudgha.
  1233 | D:3      | Found a deep blue altar of Sif Muna.
  1236 | D:3      | Identified Sif Muna's Almanac of Augmentations
  1282 | D:2      | Killed Jessica
  1282 | D:2      | Reached skill level 1 in Shields
  1288 | D:2      | HP: 2/44 [goblin/+0 dagger[Robin] (1)]
  1289 | D:2      | Slain by a goblin

Skill      XL: |  1  2  3  4 |
---------------+-------------+-----
Unarmed Combat | 4 |  4.2
Shields        | 1 |  1.1
Dodging        | 3 |  3.0
Fighting       | |  2.7
Stealth        | |  0.5

Action                   |  1- 3 |  4- 6 || total
-------------------------+-------+-------++-------
Melee: Unarmed           |   108 |    27 ||   135
 Stab: Sleeping          |     1 |       ||     1
       Distracted        |       |     1 ||     1
  Eat: Chunk             |     5 |     4 ||     9
Armor: Animal skin       |    27 |    13 ||    40
Dodge: Dodged            |    48 |    33 ||    81
Block: Large shield      |    80 |    32 ||   112
